 Dungeon Crawl Stone Soup version 0.31-a0-931-g7b59d4eb97 (webtiles) character file.

Game seed: 16111141216227734307

25589 BinkBink the Cleaver (level 12, -3/112 HPs)
             Began as a Minotaur Fighter on Oct 19, 2023.
             Was the Champion of Okawaru.
             Killed by divine providence
             ... invoked by an orc priest
              (8 damage)
             ... on level 2 of the Orcish Mines.
             The game lasted 00:22:52 (15222 turns).

BinkBink the Cleaver (Minotaur Fighter)            Turns: 15222, Time: 00:22:52

Health: -3/112     AC:  7    Str: 42    XL:     12   Next: 90%
Magic:  0/11       EV: 22    Int:  9    God:    Okawaru [******]
Gold:   864        SH:  7    Dex: 15    Spells: 11/11 levels left

rFire   . . .        B - +4 hand axe "Fedemm" {flame, *Noise rC+ Str+3}
rCold   + . .        i - +0 buckler of the Devil's Team {Str+8}
rNeg    . . .        z - +0 robe of Leapfrog {Str+6 Slay+4}
rPois   .            (helmet restricted)
rElec   .            (no cloak)
rCorr   .            X - +2 pair of gloves
SInv    .            s - +0 pair of boots
Will    .....        t - amulet of guardian spirit
Stlth   +            e - +6 ring of strength
HPRegen 0.38/turn    j - +5 ring of evasion
MPRegen 0.12/turn

%: guardian spirit
@: lethally poisoned (-3 -> -5), studying 2 skills
A: horns 2, retaliatory headbutt, clever 1, deformed body
a: Renounce Religion, Heroism, Finesse, Duel, Receive Armour


You were on level 2 of the Orcish Mines.
You worshipped Okawaru.
Okawaru was exalted by your worship.
You visited 2 branches of the dungeon, and saw 15 of its levels.
You also visited: Ice Cave.

You collected 1147 gold pieces.
You spent 283 gold pieces at shops.

Inventory:

Hand Weapons
 A - a +1 hand axe of draining
 B - the +4 hand axe "Fedemm" (weapon) {flame, *Noise rC+ Str+3}
   (You bought it in a shop on level 7 of the Dungeon)

   Str+3:     It affects your strength (+3).
   rC+:       It protects you from cold.
   *Noise:    It may make a loud noise when swung.
 N - the +1 war axe of Gighutsa {venom, Will+ Dex+3 Stlth+}
   (You found it on level 10 of the Dungeon)

   Dex+3:     It affects your dexterity (+3).
   Will+:     It increases your willpower.
   Stlth+:    It makes you more stealthy.
 T - a +5 broad axe of flaming
Missiles
 q - 5 throwing nets
Armour
 i - the +0 buckler of the Devil's Team (worn) {Str+8}
   (You found it on level 2 of the Dungeon)

   Str+8:     It affects your strength (+8).
 s - a +0 pair of boots (worn)
 z - the +0 robe of Leapfrog (worn) {Str+6 Slay+4}
   (You found it on level 7 of the Dungeon)

   Str+6:     It affects your strength (+6).
   Slay+4:    It affects your accuracy & damage with ranged weapons and melee
   (+4).
 X - a +2 pair of gloves (worn)
Jewellery
 e - a +6 ring of strength (left hand)
 j - a +5 ring of evasion (right hand)
 k - a +6 ring of strength
 n - a ring of magical power
 o - an amulet of magic regeneration
 t - an amulet of guardian spirit (around neck)
 v - a ring of see invisible
 D - a +6 ring of intelligence
 K - a +4 ring of protection
 Q - an amulet of the acrobat
 V - a ring of poison resistance
Talismans
 H - a beast talisman
Wands
 J - a wand of iceblast (12)
 L - a wand of flame (15)
 P - a wand of light (12)
Scrolls
 c - 2 scrolls of fear
 f - 2 scrolls of blinking {unknown}
 g - 3 scrolls of amnesia
 l - 3 scrolls of vulnerability
 p - 2 scrolls of enchant weapon {unknown}
 u - 5 scrolls of teleportation
 w - 3 scrolls of acquirement {unknown}
 y - 2 scrolls of poison {unknown}
 F - a scroll of immolation {unknown}
 M - a scroll of fog {unknown}
 O - a scroll of enchant armour {unknown}
 S - a scroll of noise {unknown}
Potions
 d - 2 potions of might
 h - 4 potions of attraction
 m - a potion of degeneration
 x - a potion of magic {unknown}
 C - 10 potions of ambrosia
 E - 2 potions of brilliance {unknown}
 G - 4 potions of curing
 I - 2 potions of haste {unknown}
 R - a potion of lignification
 U - a potion of mutation
 W - 2 potions of heal wounds {unknown}


   Skills:
 + Level 12.0 Fighting
 - Level 7.6 Long Blades
 * Level 12.7 Axes
 + Level 12.1 Armour
 + Level 10.8 Dodging
 + Level 11.9 Shields


You had 11 spell levels left.
You didn't know any spells.
Your spell library contained the following spells:

 Spells                   Type           Power      Damage    Failure   Level
 Freeze                   Ice            0%         1d3       41%         1
 Kiss of Death            Conj/Necr      0%         2d5       41%         1
 Sandblast                Erth           0%         2d4       41%         1
 Shock                    Conj/Air       0%         1d3       41%         1
 Blink                    Tloc           0%         N/A       54%         2
 Lesser Beckoning         Tloc           0%         N/A       54%         2
 Momentum Strike          Conj/Tloc      0%         3d8       54%         2
 Passwall                 Tmut/Erth      0%         N/A       54%         2
 Confusing Touch          Hex            0%         N/A       78%         3
 Frozen Ramparts          Ice            0%         1d1       78%         3
 Hailstorm                Conj/Ice       0%         3d3       78%         3
 Inner Flame              Hex/Fire       0%         N/A       78%         3
 Ozocubu's Armour         Ice            0%         N/A       78%         3
 Stone Arrow              Conj/Erth      0%         3d7       78%         3
 Swiftness                Air            0%         N/A       78%         3
 Volatile Blastmotes      Fire/Tloc      0%         2d10      78%         3
 Airstrike                Air            0%         2d(0-16)  99%         4
 Anguish                  Hex/Necr       0%         N/A       99%         4
 Brom's Barrelling Bould  Conj/Erth      0%         2d3       99%         4
 Cause Fear               Hex            0%         N/A       99%         4
 Dispel Undead            Necr           0%         3d6       99%         4
 Fulminant Prism          Conj/Hex       0%         3d5       99%         4
 Iskenderun's Mystic Bla  Conj/Tloc      0%         2d3       99%         4
 Passage of Golubria      Tloc           0%         N/A       99%         4
 Metabolic Englaciation   Hex/Ice        0%         N/A       100%        5
 Yara's Violent Unravell  Hex/Tmut       0%         3d3       100%        5
 Enfeeble                 Hex            0%         N/A       100%        7
 Lehudib's Crystal Spear  Conj/Erth      0%         10d2      100%        8
 Tukima's Dance           Hex            Unusable   N/A       N/A         3
 Animate Armour           Summ/Erth      Unusable   N/A       N/A         4
 Simulacrum               Ice/Necr       Unusable   N/A       N/A         6

Dungeon Overview and Level Annotations

Branches:
Dungeon (13/15)            Temple (0/1) D:6            Lair (0/5) D:10
    Orc (2/2) D:11          IceCv (visited)
    Elf: Orc:2       Vaults: D:13-14

Altars:
Cheibriados
Elyvilon
Gozag
Kikubaaqudgha
Nemelex Xobeh
Okawaru
Qazlal
Sif Muna
Trog
Wu Jian
The Shining One

Shops:
D:1 :*=[   D:4 (   D:7 :(   D:8 **

Annotations:
Orc:2 Nessos


Innate Abilities, Weirdness & Mutations

You have a pair of horns on your head.
You reflexively headbutt those who attack you in melee.
Your mind is acute. (Int +4, Str/Dex -1)
Armour fits poorly on your strangely shaped body.


Message History

* * * LOW HITPOINT WARNING * * *
The arrow burns you!
You are poisoned.
* * * LOW HITPOINT WARNING * * *
An ogre comes into view. It is wielding a +0 giant spiked club.
You are confused.
You feel invigorated.
You feel very sick.
Nessos shoots an arrow.
The arrow closely misses you.
Your surroundings suddenly seem different.
An orc warrior, an orc and 2 orc priests come into view.
An orc priest is wielding a +2 hand axe of pain.
Found 28 gold pieces.
You feel very sick.
The orc warrior shouts!
The orc priest shouts!
An orc comes into view. It is wielding a +0 flail.
The orc throws a boomerang.
The boomerang completely misses you.
The orc priest mumbles some strange prayers to Beogh against you.
Beogh smites you!
* * * LOW HITPOINT WARNING * * *
You feel very sick.
The orc priest miscasts a cantrip.
You feel sick.
You bump into the rock wall.
You feel less invigorated.
You feel less confused.
You feel sick.
An orc comes into view. It is wielding a +0 whip.
You feel sick.
The orc warrior attacks as it pursues you!
The orc warrior completely misses you.
The orc priest looks encouraged for a moment.
The orc priest looks braver for a moment.
You feel sick.
The orc warrior attacks as it pursues you!
The orc warrior hits you from afar with a +0 halberd!
* * * LOW HITPOINT WARNING * * *
You feel sick.
The orc priest calls down the wrath of Beogh upon you.
Beogh smites you!
You die...

.......$........#
................##
.................#
.....o.........#
..............##
.......#..#....#
.....o....#...#
.....o...o....#
....$#.#..##@##
..........####
.....o$...#
........... .
..o...#.#.
..#....##### #....


You could see an orc warrior, 2 orc priests and an orc.

Vanquished Creatures
  An ettin (Orc:1)
  Harold (D:11)
  Erica (D:8)
  A boulder beetle (D:11)
  4 two-headed ogres
  Pikel (D:8)
  An orc knight (Orc:2)
  A deep elf pyromancer (D:12)
  2 ugly things
  A manticore (D:12)
  2 cyclopes
  3 ice statues (IceCv)
  2 slime creatures (D:12)
  3 gargoyles
  3 komodo dragons
  An anaconda simulacrum (IceCv)
  3 kobold demonologists
  A freezing wraith (IceCv)
  5 trolls
  A queen bee (D:11)
  2 shadows
  Sigmund (D:6)
  A wyvern (D:7)
  A dire elephant simulacrum (IceCv)
  2 wraiths
  23 yaks
  A fire elemental (D:13)
  A basilisk (D:12)
  7 vampire mosquitoes
  A death yak simulacrum (IceCv)
  Menkaure (D:6)
  3 acid dragons
  4 wargs
  A water moccasin (D:7)
  3 ice beasts
  A sky beast (D:7)
  6 orc warriors
  3 ogres
  2 phantoms (D:11)
  2 centaurs
  5 kobold brigands
  A bullfrog (D:6)
  A cane toad simulacrum (IceCv)
  3 scorpions (D:6)
  3 wights (D:7)
  37 killer bees
  2 troll zombies (D:11)
  A vampire bat (D:5)
  A howler monkey (D:10)
  2 electric eels (D:7)
  2 hounds
  A jelly (D:7)
  8 orc priests
  Jessica (D:12)
  12 orc wizards
  5 iguanas
  A polar bear simulacrum (IceCv)
  A wolf simulacrum (IceCv)
  6 ogre zombies (D:11)
  A mummy (D:7)
  9 gnolls
  8 adders
  14 white imps
  4 ufetubi
  A worm (D:2)
  A dart slug (D:2)
  28 orcs
  2 bat skeletons (D:5)
  3 bat zombies (D:5)
  An endoplasm (D:4)
  3 giant cockroaches (D:2)
  5 gnoll zombies (D:11)
  4 goblins
  4 hobgoblins
  2 jackals (D:3)
  6 quokkas
  5 ball pythons
  4 bats
  2 frilled lizards
  4 gnoll skeletons (D:11)
  22 kobolds
  5 orc skeletons (D:11)
  11 orc zombies (D:11)
  4 rats
350 creatures vanquished.

Vanquished Creatures (others)
  A vault guard (D:13)
  2 orc wizards (D:6)
3 creatures vanquished.

Grand Total: 353 creatures vanquished

Notes
Turn   | Place    | Note
-------+----------+-------------------------------------------
     0 | D:1      | BinkBink the Minotaur Fighter began the quest for the Orb.
     0 | D:1      | Reached XP level 1. HP: 19/19 MP: 0/0
    68 | D:1      | Found Laraus's Jewellery Shop.
    71 | D:1      | Found Zoil's Assorted Antiques.
   195 | D:1      | Reached XP level 2. HP: 15/27 MP: 1/1
   265 | D:1      | Found Luelif's Book Boutique.
   375 | D:1      | Found a faded altar of an unknown god.
   390 | D:1      | Prayed at the altar of an unknown god.
   390 | D:1      | Became a worshipper of Warmaster Okawaru
   390 | D:1      | Reached * piety under Okawaru
   547 | D:1      | Found Oname's Antique Armour Emporium.
   604 | D:1      | You fall into a shaft and drop 1 floor!
   933 | D:2      | Reached XP level 3. HP: 28/33 MP: 2/2
  1104 | D:2      | Found a stormy altar of Qazlal.
  1310 | D:2      | Identified the +0 buckler of the Devil's Team {Str+8}
  1656 | D:3      | Identified the +7 halberd "Kejuxti" {venom, *Noise Str+3
                  | Int+3}
  1752 | D:3      | Found a glowing golden altar of the Shining One.
  1813 | D:3      | Found a bloodstained altar of Trog.
  2353 | D:4      | Reached XP level 4. HP: 36/41 MP: 3/3
  2439 | D:4      | Found an opulent altar of Gozag.
  2617 | D:4      | Reached XP level 5. HP: 40/47 MP: 4/4
  2653 | D:4      | Found Qutu's Weapon Boutique.
  3123 | D:5      | Entered Level 5 of the Dungeon
  3156 | D:5      | Found a white marble altar of Elyvilon.
  3177 | D:5      | Noticed an ogre
  3262 | D:5      | Reached skill level 5 in Shields
  3267 | D:5      | Reached skill level 5 in Fighting
  3412 | D:5      | Noticed an acid dragon
  3430 | D:5      | Reached skill level 5 in Armour
  3435 | D:5      | Gained mutation: Armour fits poorly on your strangely
                  | shaped body. [potion of mutation]
  3435 | D:5      | Gained mutation: Your mind is acute. (Int +4, Str/Dex -1)
                  | [potion of mutation]
  3436 | D:5      | Killed an acid dragon
  3436 | D:5      | Reached ** piety under Okawaru
  3437 | D:5      | Reached XP level 6. HP: 8/56 MP: 1/5
  3786 | D:5      | Found an ancient bone altar of Kikubaaqudgha.
  3795 | D:5      | Reached skill level 5 in Long Blades
  3795 | D:5      | Reached XP level 7. HP: 60/62 MP: 4/6
  4067 | D:5      | Found a shimmering blue altar of Sif Muna.
  4132 | D:5      | Noticed a kobold demonologist
  4138 | D:5      | Noticed a sun demon
  4142 | D:5      | Killed a kobold demonologist
  4142 | D:5      | Reached *** piety under Okawaru
  4323 | D:6      | Noticed Menkaure
  4494 | D:6      | Reached XP level 8. HP: 50/71 MP: 5/7
  4983 | D:6      | Killed Menkaure
  4984 | D:6      | Reached skill level 1 in Dodging
  5200 | D:6      | Found a staircase to the Ecumenical Temple.
  5528 | D:6      | Found an ornate altar of the Wu Jian Council.
  5528 | D:6      | Noticed Sigmund
  5563 | D:6      | Killed Sigmund
  5563 | D:6      | Reached **** piety under Okawaru
  5752 | D:7      | Reached XP level 9. HP: 46/80 MP: 5/8
  5877 | D:7      | Found Qileuss's Antique Weapon Emporium.
  5943 | D:7      | Found a snail-covered altar of Cheibriados.
  6317 | D:7      | Identified the +0 robe of Leapfrog {Str+6 Slay+4}
  6319 | D:7      | Found Usosm's Self-Published Books.
  6695 | D:1      | Bought a scroll labelled WECING QAWKIUTTOU for 27 gold
                  | pieces
  6843 | D:7      | Bought a crude hand axe for 256 gold pieces
  6843 | D:7      | Identified the +4 hand axe "Fedemm" {flame, *Noise rC+
                  | Str+3} (You bought it in a shop on level 7 of the Dungeon)
  7046 | D:7      | Reached skill level 1 in Axes
  7335 | D:7      | Reached ***** piety under Okawaru
  7776 | D:8      | Noticed Pikel
  7781 | D:8      | Killed Pikel
  7782 | D:8      | Reached skill level 5 in Axes
  7782 | D:8      | Reached XP level 10. HP: 84/91 MP: 9/9
  7950 | D:8      | Found Xazag's Overcharged Wands.
  8145 | D:8      | Noticed Erica
  8170 | D:8      | Killed Erica
  8170 | D:8      | Received a gift from Okawaru
  8171 | D:8      | Reached skill level 5 in Dodging
  8590 | D:8      | Found Ifuts's General Store.
  9608 | D:10     | Entered Level 10 of the Dungeon
  9611 | D:10     | Noticed a gargoyle
  9617 | D:10     | Killed a gargoyle
  9625 | D:10     | Noticed a two-headed ogre
  9632 | D:10     | Killed a two-headed ogre
 10116 | D:10     | Identified the +1 war axe of Gighutsa {venom, Will+ Dex+3
                  | Stlth+}
 10121 | D:10     | Found a staircase to the Lair.
 10137 | D:10     | Received a gift from Okawaru
 10138 | D:10     | Reached XP level 11. HP: 86/99 MP: 8/10
 10147 | D:10     | Reached skill level 10 in Fighting
 10231 | D:10     | Reached skill level 10 in Armour
 10236 | D:10     | Reached skill level 10 in Shields
 10860 | D:11     | Found a staircase to the Orcish Mines.
 11093 | D:11     | Noticed a two-headed ogre
 11094 | D:11     | Received a gift from Okawaru
 11107 | D:11     | Killed a two-headed ogre
 11123 | D:11     | Reached ****** piety under Okawaru
 11350 | D:11     | Noticed Harold
 11369 | D:11     | Killed Harold
 11370 | D:11     | Reached skill level 10 in Axes
 11382 | D:11     | Received a gift from Okawaru
 11583 | D:11     | Acquired a +5 broad axe of flaming
 11583 | D:11     | Received a gift from Okawaru
 11856 | D:11     | Noticed a boulder beetle
 11874 | D:11     | Killed a boulder beetle
 11875 | D:11     | Reached XP level 12. HP: 87/110 MP: 8/11
 12291 | D:12     | Identified the +5 trident "Cilo" {heavy, Dex+3}
 12398 | D:12     | Received a gift from Okawaru
 12608 | D:12     | Found a frozen archway.
 12631 | IceCv    | Entered an ice cave
 13461 | D:12     | Reached skill level 10 in Dodging
 13702 | D:12     | Noticed a two-headed ogre
 13710 | D:12     | Killed a two-headed ogre
 13728 | D:12     | Noticed Jessica
 13734 | D:12     | Killed Jessica
 13790 | D:12     | Found a sparkling altar of Nemelex Xobeh.
 14417 | D:13     | Killed a vault guard
 14504 | D:13     | Noticed a centaur warrior
 14588 | D:13     | Noticed a two-headed ogre
 14591 | D:13     | Received a gift from Okawaru
 14595 | D:13     | Killed a two-headed ogre
 14665 | Orc:1    | Entered Level 1 of the Orcish Mines
 14694 | Orc:1    | Noticed an ettin
 14705 | Orc:1    | Killed an ettin
 14970 | Orc:2    | Entered Level 2 of the Orcish Mines
 15202 | Orc:2    | Noticed Nessos
 15222 | Orc:2    | HP: 5/112 [poisoned by Nessos]
 15222 | Orc:2    | Killed from afar by an orc priest

Illustrated notes

Levels and vault maps discovered:
D:1:      spicycebolla_arrival_clurvy, layout_loops_corners, serial_shops,
          nicolae_shop_tiny_glass, nicolae_shop_stone, shop,
          nicolae_shop_gaudy_bauble, dreamdust_ecumenical_altar_statues
D:2:      layout_rooms, basic_altar
D:3:      layout_basic, mainiacjoe_overflow_catch_the_wave, grunt_ministairs_11,
          serial_bayou_lagoon_b
D:4:      layout_loops_ring, nicolae_gozag_seed_capital, serial_shops,
          nicolae_shop_pleasant_corner_grove, kennysheep_small_circle
D:5:      layout_basic, led_sif_pool, kennysheep_vampire_church,
          amcnicky_altar_gilded
D:6:      layout_rooms, kennysheep_little_box, minmay_temple_entry_waves,
          uniq_menkaure, uniq_sigmund
D:7:      layout_basic, slow_altar_2, nicolae_custom_books,
          hangedman_decor_lopped, grunt_decor_resistance, fountainhead,
          hangedman_decor_points, nicolae_stop_n_shop_1,
          kennysheep_generic_room_8
D:8:      layout_basic, serial_shops, shop, abandoned_shop,
          nicolae_shop_overcharged_wands, uniq_pikel, uniq_erica
D:9:      layout_cave_pools
D:10:     layout_basic, erik_lair_orcish_takeover
D:11:     layout_roguey [special_room_bee], zombieorc2_lemuel,
          minmay_fountain_box, nicolae_tricolors, uniq_harold
D:12:     layout_gridville, portal_ice_cave_entry_imps,
          nemelex_lonely_heart_becter
D:13:     layout_basic, ximxim_vaults_locker_room, ebering_ghost_reflecting_pool
Orc:1:    layout_diamond_mine, basic_altar, uniq_erolcha
Orc:2:    grunt_orc_tribal_feast, layout_diamond_mine, roderic_batcave,
          uniq_nessos

Skill      XL: |  1  2  3  4  5  6  7  8  9 10 11 12 |
---------------+-------------------------------------+-----
Fighting       | 4 5 6 7 9 11 12 | 12.0
Long Blades    | 3 4 5 6 7 |  7.6
Armour         | 4 5 6 7 8 9 11 12 | 12.1
Shields        | 4 5 6 7 8 9 10 11 | 11.9
Dodging        | 2 4 6 8 10 | 10.8
Axes           | 5 7 10 12 | 12.7

Action                     |  1- 3 |  4- 6 |  7- 9 | 10-12 || total
---------------------------+-------+-------+-------+-------++-------
  Melee: Long sword        |    95 |    66 |   205 |       ||   366
         Headbutt          |    14 |    13 |    46 |   113 ||   186
         Hand axe          |       |       |    44 |   482 ||   526
 Invoke: Receive Weapon    |       |       |       |     1 ||     1
    Use: Potion            |       |     3 |     1 |     2 ||     6
         Scroll            |       |       |     3 |     3 ||     6
   Stab: Distracted        |       |       |       |     1 ||     1
 Armour: Scale mail        |    64 |    37 |    97 |       ||   198
         Skin              |       |       |    22 |       ||    22
         Robe              |       |       |    23 |   181 ||   204
  Dodge: Dodged            |    54 |    59 |   117 |   355 ||   585
  Block: Buckler           |    16 |    19 |    58 |   150 ||   243

Table legend: (Time is in decaauts)
 A = Elapsed time spent in this place.
 B = Non-inter-level travel time spent in this place.
 C = Inter-level travel time spent in this place.
 D = Time resting spent in this place.
 E = Time spent auto-exploring this place.
 F = Levels seen in this place.
 G = Mean time per level.
                   A        B        C        D        E       F      G
               +--------+--------+--------+--------+--------+-----+--------+
         Total |  15223 |  14103 |   1120 |   2872 |   9104 |  16 |  951.4 |
       Dungeon |  13940 |  12838 |   1102 |   2281 |   8709 |  13 | 1072.3 |
  Orcish Mines |    540 |    523 |     17 |    100 |    333 |   2 |  270.0 |
      Ice Cave |    742 |    742 |      0 |    491 |     62 |   1 |  742.0 |
               +--------+--------+--------+--------+--------+-----+--------+

Top non-repeatable levels by time:
     D:7: 1706 daAuts
    D:11: 1337 daAuts
     D:5: 1335 daAuts
     D:8: 1287 daAuts
     D:6: 1266 daAuts
    D:12: 1228 daAuts
    D:10: 1220 daAuts
     D:3: 996 daAuts
     D:1: 950 daAuts
     D:4: 841 daAuts
   IceCv: 742 daAuts
     D:9: 663 daAuts
     D:2: 650 daAuts
    D:13: 455 daAuts
   Orc:1: 297 daAuts
